cohdb
Replays
Latest Replays
All Replays
Popular Replays
Top Player Replays
Match Explorer
How It Works
Community
CoH3 Stats
Reddit
Sign in to upload your games and track your stats! →
Sign in with Steam
Match 41955007
Unlisted
Match 41955007
Overview
Messages
Build Orders
End
Construct Infanterie Kompanie
Selects Terror Battlegroup
Grenadier Squad
Grenadier Squad
Grenadier Squad
Selects Machine Gun Camouflage
MG 42 Machine Gun Team
Construct Panzergrenadier Kompanie
251 Medium Carrier
Selects Interrogate
Pak 40 Anti-tank Gun Team
Panzergrenadier Squad
Selects Propaganda Leaflet Drop
MähnGiL
GGing_GGang
흰수염고래
차니
Sekrit Dokuments
kenleung
神奇香蕉
寶兔兔
0
0
Comments
sign in to comment!
No comments posted yet!